 Dungeon Crawl Stone Soup version 0.21-a0-442-g848f44b (webtiles) character file.

207 Gorice the Insei (level 5, -7/39 HPs)
             Began as a Demonspawn Wanderer on Nov 12, 2017.
             Mangled by an ogre
             ... wielding a +0 giant club
              (22 damage)
             ... on level 4 of the Dungeon.
             The game lasted 00:11:04 (4410 turns).

Gorice the Insei (Demonspawn Wanderer)              Turns: 4410, Time: 00:11:05

Health: -7/39      AC:  8    Str: 12    XL:     5   Next: 54%
Magic:  0/5        EV:  6    Int: 13    God:
Gold:   136        SH:  0    Dex: 14    Spells: 4/4 levels left

rFire    . . .     SeeInvis .     - Unarmed
rCold    . . .     Gourm    .   (no shield)
rNeg     . . .     Faith    .   i - +0 chain mail
rPois    .         Spirit   +   (no helmet)
rElec    .         Reflect  .   (no cloak)
rCorr    .         Harm     .   (no gloves)
MR       .....                  (no boots)
Stlth    ..........             u - amulet of guardian spirit
HPRegen  0.13/turn              (no ring)
MPRegen  0.09/turn              (no ring)

@: no status effects
A: claws 1
a: no special abilities


You were on level 4 of the Dungeon.
You were very hungry.

You visited 1 branch of the dungeon, and saw 4 of its levels.

You collected 136 gold pieces.

Inventory:

Hand Weapons
 e - a +0 dagger
 g - a +0 spear
Missiles
 k - 6 needles of sleeping
 Y - 146 stones (quivered)
Armour
 d - a +0 robe
 i - a +0 chain mail (worn)
 j - a +2 pair of gloves
 o - a +0 ring mail
Jewellery
 u - an amulet of guardian spirit (around neck)
Wands
 l - a wand of lightning (0/15)
Scrolls
 b - 2 scrolls of teleportation {!r}
 m - a scroll of fog
 s - a scroll of enchant armour
Potions
 p - a potion of invisibility {unknown}
 q - a potion of curing {unknown}
 r - a potion of heal wounds {unknown}
Books
 a - a book of Geomancy
 c - the Handbook of Companions

   Spells                             Type                      Level
   a - Summon Small Mammal            Summoning                    1
   b - Recall                         Summoning/Translocation      3
Comestibles
 f - 6 bread rations {!e}
 n - 2 royal jellies


   Skills:
 - Level 2.7 Fighting
 - Level 1.0 Throwing
 + Level 2.3 Armour
 - Level 1.7 Dodging
 - Level 1.0 Stealth
   Level 1.0 Shields
 * Level 3.6 Unarmed Combat
   Level 1.0 Summonings
   Level 1.7 Transmutations


You had 4 spell levels left.
You didn't know any spells.

Dungeon Overview and Level Annotations

Branches:
Dungeon (4/15)
 Temple: D:4-7

Altars:
Dithmenos
The Shining One

Annotations:
D:3 vpUX: siggers!, Sigmund


Innate Abilities, Weirdness & Mutations

You have sharp fingernails.


Message History

New annotation for D:3 (include '!' for warning): vpUX: siggers!
Found a stone staircase leading up.
n - 2 royal jellies (gained 1)
A bullfrog skeleton comes into view.
An ogre comes into view. It is wielding a giant club.
The ogre shouts!
The bullfrog skeleton hits you. x2
Damage: 4 (max 4)
You scratch the bullfrog skeleton but do no damage.
The bullfrog skeleton hits you.
Damage: 3 (max 4)
You scratch the bullfrog skeleton.
The bullfrog skeleton is lightly damaged.
The bullfrog skeleton completely misses you.
You claw the bullfrog skeleton!
The bullfrog skeleton is heavily damaged.
The bullfrog skeleton barely misses you.
The bullfrog skeleton hits you but does no damage.
Your chain mail prevents you from hitting the bullfrog skeleton.
The bullfrog skeleton is heavily damaged.
The bullfrog skeleton hits you.
Damage: 3 (max 4)
You claw the bullfrog skeleton!
The bullfrog skeleton is severely damaged.
The bullfrog skeleton barely misses you.
You claw the bullfrog skeleton!
You destroy the bullfrog skeleton!
You claw the ogre!
The ogre is moderately wounded.
The ogre hits you with a giant club!
* * * LOW HITPOINT WARNING * * *
Damage: 12 (max 12)
You are too injured to fight recklessly!
You are too injured to fight recklessly!
You are too injured to fight recklessly!
You are too injured to fight recklessly!
You are too injured to fight recklessly!
You are too injured to fight recklessly!
You claw the ogre!
The ogre is heavily wounded.
The ogre hits you with a giant club.
* * * LOW HITPOINT WARNING * * *
Damage: 3 (max 12)
You barely miss the ogre.
The ogre is heavily wounded.
You scratch the ogre.
The ogre is severely wounded.
The ogre hits you with a giant club!!
Ouch! That really hurt!
You die...

######### ###########
###.......####..@O.....#
...............#######.#
..........##.......#
.............#####..#
.#...####.##.# #
.............#
.##.######.#.# .##.#
#.#.# .##.# #.#..


You could see an ogre.

Vanquished Creatures
  A crimson imp (D:3)
  A bullfrog skeleton (D:4)
  3 adders (D:3)
  4 gnolls
  3 worms
  4 dart slugs
  2 leopard geckos (D:3)
  2 orcs (D:3)
  7 bats
  4 goblins
  8 hobgoblins
  4 jackals (D:2)
  3 quokkas
  3 frilled lizards
  5 kobolds
  6 rats
60 creatures vanquished.

Notes
Turn   | Place    | Note
-------+----------+-------------------------------------------
     0 | D:1      | Gorice the Demonspawn Wanderer began the quest for the Orb.
     0 | D:1      | Gorice set off with: a book of Geomancy, a scroll of teleportation {!r}, the Handbook of Companions, a +0 robe, a +0 dagger, a bread ration {!e}
     0 | D:1      | Reached XP level 1. HP: 16/16 MP: 1/1
     0 | D:1      | Identified the Handbook of Companions
   300 | D:1      | Gained mutation: You have sharp fingernails. [demonic ancestry]
   300 | D:1      | Reached XP level 2. HP: 22/23 MP: 2/2
   685 | D:2      | Reached skill level 1 in Unarmed Combat
   906 | D:2      | Reached XP level 3. HP: 14/28 MP: 3/3
  1136 | D:2      | Found a glowing golden altar of the Shining One.
  1337 | D:2      | Found a shadowy altar of Dithmenos.
  1585 | D:2      | Reached skill level 1 in Armour
  1743 | D:2      | HP: 7/28 [gnoll (6)]
  1797 | D:1      | HP: 8/28 [gnoll (1)]
  1799 | D:1      | HP: 2/28 [gnoll (6)]
  1904 | D:1      | Reached skill level 2 in Unarmed Combat
  2146 | D:2      | Reached XP level 4. HP: 34/34 MP: 4/4
  3135 | D:3      | Noticed Sigmund
  3232 | D:3      | Reached skill level 2 in Armour
  3232 | D:3      | Reached skill level 3 in Unarmed Combat
  3232 | D:3      | Reached XP level 5. HP: 24/39 MP: 5/5
  3744 | D:3      | HP: 10/39 [Sigmund/scythe (5)]
  3776 | D:3      | HP: 6/39 [Sigmund/puff of flame (9)]
  3808 | D:3      | HP: 4/39 [Sigmund/puff of flame (6)]
  4399 | D:4      | Noticed an ogre
  4410 | D:4      | Mangled by an ogre

Vault maps used:
D:1:      kennysheep_arrival_seaside
D:2:      grunt_dithmenos_smoke_and_mirrors, lemuel_doored_altar, first_bread
D:3:      portal_sewer_entry_d, kennysheep_potato, uniq_sigmund
D:4:      nicolae_ru_great_annihilating_truth, kennysheep_mini, fedhas_altar_1,
          minmay_guarded_unrand_vampires_tooth, uniq_natasha,
          uniq_crazy_yiuf_cottage

Skill      XL: |  1  2  3  4 |
---------------+-------------+-----
Unarmed Combat | 1 2 3 |  3.6
Armour         | 1 2 |  2.3
Fighting       | |  2.7
Throwing       | |  1.0
Dodging        | |  1.7
Stealth        | |  1.0
Shields        | |  1.0
Summonings     | |  1.0
Transmutations | |  1.7

Action                   |  1- 3 |  4- 6 || total
-------------------------+-------+-------++-------
Melee: Dagger            |   118 |       ||   118
       Unarmed           |    65 |   158 ||   223
       Punch             |     1 |     1 ||     2
Throw: Stone             |     3 |     9 ||    12
Evoke: Wand              |     2 |       ||     2
  Use: Scroll            |     3 |     2 ||     5
       Potion            |     1 |     1 ||     2
  Eat: Chunk             |     4 |     6 ||    10
Armor: Robe              |    20 |       ||    20
       Ring mail         |    36 |       ||    36
       Chain mail        |    26 |    77 ||   103
Dodge: Dodged            |   117 |    44 ||   161

Table legend:
 A = Spawn XP
 B = Non-spawn XP
 C = Spawn XP percentage of total XP
 D = Spawn monster count
 E = Non-spawn monster count
 F = Spawn count percentage of total count
 G = Total turns spent on level
                    A         B        C        D         E        F      G
               +---------+---------+-------+---------+---------+-------+---------
         Total |       0 |     296 |   0.0 |       0 |      60 |   0.0 |  4410
               +---------+---------+-------+---------+---------+-------+---------
           D:1 |       0 |      34 |   0.0 |       0 |      13 |   0.0 |   955
           D:2 |       0 |      87 |   0.0 |       0 |      25 |   0.0 |  2226
           D:3 |       0 |     136 |   0.0 |       0 |      21 |   0.0 |  1185
           D:4 |       0 |      39 |   0.0 |       0 |       1 |   0.0 |    44
               +---------+---------+-------+---------+---------+-------+---------

Table legend:
 A = Turns spent in this place as a percentage of turns spent in the entire game.
 B = Non-inter-level travel turns spent in this place as a percentage of non-inter-level travel turns spent in the entire game.
 C = Inter-level travel turns spent in this place as a percentage of turns spent in this place.
 D = Turns resting spent in this place as a percentage of non-inter-level travel turns spent in this place.
 E = Turns spent auto-exploring this place as a percentage of non-inter-level travel turns spent in this place.
 F = Non-inter-level travel turns spent in this place divided by the number of levels of this place that you've seen.
                   A       B       C       D       E      F
               +-------+-------+-------+-------+-------+----------------------
         Total | 100.0 | 100.0 |   3.7 |  32.4 |  36.7 | 1062.2
       Dungeon | 100.0 | 100.0 |   3.7 |  32.4 |  36.7 | 1062.2
               +-------+-------+-------+-------+-------+----------------------

Vault maps used:
D:1:      kennysheep_arrival_seaside
D:2:      grunt_dithmenos_smoke_and_mirrors, lemuel_doored_altar, first_bread
D:3:      portal_sewer_entry_d, kennysheep_potato, uniq_sigmund
D:4:      nicolae_ru_great_annihilating_truth, kennysheep_mini, fedhas_altar_1,
          minmay_guarded_unrand_vampires_tooth, uniq_natasha,
          uniq_crazy_yiuf_cottage
